 Dungeon Crawl Stone Soup version 0.31-a0-198-g2ad674f65e (webtiles) character file.

Game seed: 11758511592166079166

157506 Dylgear the Hoplite (level 18, 0/214 (217) HPs)
             Began as a Formicid Fighter on June 25, 2023.
             Was the Champion of Wu Jian.
             Slain by a deep elf death mage
             ... wielding a +0 rapier
              (8 damage)
             ... on level 3 of the Elven Halls.
             The game lasted 01:36:28 (25464 turns).

Dylgear the Hoplite (Formicid Fighter)             Turns: 25464, Time: 01:36:29

HP:   0/214 (217)   AC: 37    Str: 24    XL:     18   Next: 32%
MP:   18/18         EV:  2    Int:  9    God:    Wu Jian [******]
Gold: 1895          SH:  0    Dex: 17    Spells: 17/17 levels left

rFire   . . .        o - +4 war axe (heavy)
rCold   . . .        E - +0 kite shield
rNeg    . . .        m - melded +8 chain mail of Quantum Leap {rF- Will+ Regen+}
rPois   +            (helmet unavailable)
rElec   .            x - melded +2 cloak
rCorr   .            l - melded +2 pair of gloves
SInv    .            c - melded +0 pair of boots "Usysusk" {rF+ Stlth+}
Will    +....        k - amulet of the acrobat
Stlth   +            b - +4 ring of protection
HPRegen 0.55/turn    p - +4 ring of protection
MPRegen 0.16/turn

%: acrobat
@: confused, mighty, tree-form, ambrosia-drunk, in a heavenly storm, glowing,
lightly drained
A: stationary, stasis, torment immunity, boosted hp, permanent stasis, dig
shafts and tunnels, (antennae 3), four strong arms
a: Renounce Religion, Wall Jump, Serpent's Lash, Heavenly Storm


You were on level 3 of the Elven Halls.
You worshipped Wu Jian.
Wu Jian was exalted by your worship.
You were a tree.
You visited 5 branches of the dungeon, and saw 26 of its levels.
You also visited: Gauntlet and Desolation.

You collected 2613 gold pieces.
You spent 718 gold pieces at shops.

Inventory:

Hand Weapons
 o - a +4 heavy war axe (weapon)
 C - a +3 battleaxe of flaming
Missiles
 t - 3 silver boomerangs
 v - 3 throwing nets
 y - 17 boomerangs
Armour
 c - the +0 pair of boots "Usysusk" (melded) {rF+ Stlth+}
   (You found it in a Gauntlet)

   rF:        It protects you from fire.
   Stlth:     It makes you more stealthy.
 l - a +2 pair of gloves (melded)
 m - the +8 chain mail of Quantum Leap (melded) {rF- Will+ Regen+}
   (You found it in a Gauntlet)

   rF:        It makes you vulnerable to fire.
   Regen:     It increases your rate of health regeneration.
   Will:      It increases your willpower.
 x - a +2 cloak (melded)
 E - a +0 kite shield (worn)
 Q - a +3 plate armour
Jewellery
 b - a +4 ring of protection (left branch)
 g - a ring of ice
 k - an amulet of the acrobat (around neck)
 p - a +4 ring of protection (right branch)
 u - a ring of resist corrosion
 w - a ring of fire
 A - a ring of flight
 B - a +6 ring of strength
 J - a +6 ring of strength
 L - a ring of poison resistance
 P - a ring of willpower
Wands
 f - a wand of light (22)
 h - a wand of iceblast (42)
 j - a wand of charming (7)
 I - a wand of digging (11)
 K - a wand of flame (31)
 M - a wand of polymorph (4)
Scrolls
 i - 2 scrolls of immolation
 n - 11 scrolls of identify
 r - a scroll of brand weapon
 G - 6 scrolls of enchant armour
Potions
 e - 7 potions of enlightenment
 q - 4 potions of mutation
 s - a potion of magic
 z - 3 potions of curing
 F - 3 potions of lignification


   Skills:
 + Level 13.7 Fighting
 * Level 20.4(20.5) Axes
 + Level 3.1(13.8) Maces & Flails
 * Level 15.6 Armour
 + Level 5.1 Dodging
 + Level 3.7 Stealth
 * Level 21.6 Shields


You had 17 spell levels left.
You didn't know any spells.
Your spell library contained the following spells:

 Spells                   Type           Power      Damage    Failure   Level
 Apportation              Tloc           0%         N/A       43%         1
 Magic Dart               Conj           0%         1d3       43%         1
 Necrotise                Necr           0%         1d4       43%         1
 Summon Small Mammal      Summ           0%         N/A       43%         1
 Call Imp                 Summ           0%         N/A       58%         2
 Cigotuvi's Dreadful Rot  Necr/Pois/Air  0%         N/A       58%         2
 Call Canine Familiar     Summ           0%         N/A       82%         3
 Inner Flame              Hex/Fire       0%         N/A       82%         3
 Mephitic Cloud           Conj/Pois/Air  0%         N/A       82%         3
 Ozocubu's Armour         Ice            0%         N/A       82%         3
 Summon Guardian Golem    Hex/Summ       0%         N/A       82%         3
 Vampiric Draining        Necr           0%         2d6       82%         3
 Anguish                  Hex/Necr       0%         N/A       99%         4
 Cause Fear               Hex            0%         N/A       99%         4
 Leda's Liquefaction      Hex/Erth       0%         N/A       99%         4
 Petrify                  Tmut/Erth      0%         N/A       99%         4
 Summon Lightning Spire   Summ/Air       0%         N/A       99%         4
 Agony                    Necr           0%         N/A       100%        5
 Alistair's Intoxication  Tmut/Pois      0%         N/A       100%        5
 Borgnjor's Vile Clutch   Necr/Erth      0%         N/A       100%        5
 Iskenderun's Battlesphe  Conj           0%         2d6       100%        5
 Lee's Rapid Deconstruct  Erth           0%         3d4*      100%        5
 Metabolic Englaciation   Hex/Ice        0%         N/A       100%        5
 Yara's Violent Unravell  Hex/Tmut       0%         3d3       100%        5
 Eringya's Noxious Bog    Tmut/Pois      0%         N/A       100%        6
 Leda's Unmaking          Conj/Erth      0%         9d1       100%        6
 Statue Form              Tmut/Erth      0%         N/A       100%        6
 Enfeeble                 Hex            0%         N/A       100%        7
 Ozocubu's Refrigeration  Ice            0%         4d7       100%        7
 Spellforged Servitor     Conj/Summ      0%         N/A       100%        7
 Chain Lightning          Conj/Air       0%         N/A       100%        9
 Fire Storm               Conj/Fire      0%         5d1       100%        9
 Shatter                  Erth           0%         3d5*      100%        9


Dungeon Overview and Level Annotations

Branches:
Dungeon (15/15)            Temple (1/1) D:6            Lair (5/5) D:10
 Shoals (0/4) Lair:2       Spider (0/4) Lair:3        Slime (0/5) Lair:4
    Orc (2/2) D:11            Elf (3/3) Orc:2        Vaults (0/5) D:14
Desolation (visited)      Gauntlet (visited)
 Depths: D:15

Altars:
Ashenzari
Cheibriados
Dithmenos
Elyvilon
Fedhas
Gozag
Hepliaklqana
Kikubaaqudgha
Makhleb
Nemelex Xobeh
Okawaru
Qazlal
Ru
Sif Muna
Trog
Uskayaw
Vehumet
Wu Jian
Xom
Yredelemnul
Zin
The Shining One
Lugonu

Shops:
D:3 [   D:5 =   D:13 ?   Orc:1 :   Orc:2 [([*(   Elf:1 *   Elf:2 :

Portals:
Abyss: Lair:5


Innate Abilities, Weirdness & Mutations

You are a tree.
Your roots penetrate the ground, keeping you stationary.
You cannot be teleported.
You are immune to unholy pain and torment.
Your maximum health is greatly increased.
Your equipment is partially melded.
You cannot be hasted, slowed, berserked, paralysed or teleported.
You can dig through walls and to a lower floor.
((You have a pair of large antennae on your head. (SInv)))
Your four strong arms can wield two-handed weapons with a shield.


Message History

You hear a shout! x2
Unknown command.
Unknown command.
Unknown command.
Unknown command.
Unknown command.
Unknown command.
Unknown command.
Okay, then.
You are too confused!
Unknown command.
You cannot move. (Use ctrl+direction or * direction to attack while stationary and confused.) Unknown command.
Unknown command.
Unknown command.
Unknown command.
Unknown command.
You cannot move. (Use ctrl+direction or * direction to attack while stationary and confused.) Unknown command.
Unknown command.
Unknown command.
Unknown command.
Unknown command.
Unknown command.
Unknown command.
You cannot move. (Use ctrl+direction or * direction to attack while stationary and confused.) Unknown command.
Unknown command.
You completely miss the deep elf death mage.
The deep elf death mage is heavily wounded.
You slash the deep elf death mage!
You closely miss the ghostly deep elf death mage.
You open the deep elf sorcerer like a pillowcase!!!
You kill the deep elf sorcerer!
The Council accepts your kill.
You hit the deep elf blademaster but do no damage.
The deep elf blademaster hits you but does no damage. x4
A deep elf archer comes into view. It is wielding a +0 dagger.
The deep elf death mage hits you with a +0 rapier!
You die...

....#...#. ........#. {{
........#. ######
#########..#...#. ..#..
..............##' { .'..
...........##.. #.. {
........##...
#####+################'######....
....°......°○○Ee♣ee{{{......'....
...☼...°.°..){eEeeee{.......#....
##############################...
≈≈≈≈≈≈≈≈≈≈≈≈≈≈≈≈≈≈≈≈≈≈≈≈≈≈≈≈≈##..
≈~~~†~~~~~~~~~≈~~~~~~~~~~~~≈≈≈###
............................~≈~≈≈
....).........................~~~
.................................
...........(.....................


You could see a deep elf blademaster, a deep elf annihilator, 2 deep elf death
magi, a ghostly deep elf death mage, a deep elf sorcerer, a deep elf archer
(repels missiles) and 2 fire elementals.

Vanquished Creatures
  Gastronok (Lair:3)
  2 deep elf sorcerers (Elf:3)
  2 deep elf elementalists (Elf:3)
  A deep elf annihilator (Elf:3)
  A minotaur (Gauntlet)
  An ettin (Orc:1)
  A deep elf death mage (Elf:3)
  A deep elf high priest (Elf:1)
  A ragged hierophant (Desolation)
  A vault guard (D:14)
  4 hydras
  4 ogre magi (Orc:2)
  A servant of whispers (Desolation)
  3 boulder beetles
  33 dancing weapons
  10 death yaks
  3 centaur warriors (D:13)
  A hell hog (Gauntlet)
  21 two-headed ogres
  4 tengu warriors (D:14)
  4 thrashing horrors (Lair:5)
  A death scarab (Gauntlet)
  13 deep elf knights
  Lodul (D:14)
  A pharaoh ant (Lair:3)
  9 deep elf archers
  A necromancer (Lair:5)
  13 ugly things
  36 deep elf pyromancers
  A wolf spider (D:14)
  30 deep elf zephyrmancers
  3 cyclopes
  8 manticores
  An orc sorcerer (Orc:1)
  9 elephants (Lair:5)
  A guardian serpent (Desolation)
  9 cane toads
  Maggie (D:7)
  A cane toad (shapeshifter) (Lair:5)
  A yaktaur (shapeshifter) (Lair:5)
  10 komodo dragons
  2 unseen horrors
  A rime drake (shapeshifter) (Lair:5)
  6 kobold demonologists
  4 rime drakes
  4 ancient zymes (Lair:5)
  6 trolls
  7 saltlings
  3 tarantellas (Lair:3)
  A large abomination (Lair:5)
  A wind drake (Lair:2)
  11 blink frogs
  A raiju (shapeshifter) (Elf:2)
  Prince Ribbit (D:7)
  6 slime creatures (D:14)
  2 centaur simulacra (Gauntlet)
  3 vampires
  A shadow (D:11)
  8 wyverns
  39 yaks
  3 ynoxinuls (Lair:5)
  A spriggan (Lair:5)
  3 air elementals
  A wraith (D:13)
  A fire elemental (Elf:2)
  Eustachio (D:5)
  A chaos spawn (Lair:5)
  6 basilisks
  2 fire bats (Gauntlet)
  13 vampire mosquitoes
  5 wargs
  5 acid dragons
  8 water moccasins
  2 hell hounds (Gauntlet)
  12 small abominations (Lair:5)
  4 ice beasts
  2 black bears
  13 orc warriors
  15 wolves
  7 centaurs
  32 ogres
  9 kobold brigands
  4 phantoms
  18 bullfrogs
  3 gnoll sergeants
  Blork the orc (D:5)
  5 scorpions
  4 earth elementals
  7 wights
  13 killer bees
  2 troll zombies (D:11)
  6 howler monkeys
  2 electric eels
  A jelly (D:5)
  6 hounds
  A wyvern simulacrum (Gauntlet)
  12 orc priests
  Crazy Yiuf (D:5)
  2 sleepcaps
  3 iguanas
  Natasha (thrice) (D:3)
  19 orc wizards
  5 polar bear simulacra (Lair:5)
  2 yak simulacra (Lair:5)
  4 ogre zombies (D:11)
  17 gnolls
  9 adders
  A shadow imp (D:6)
  2 ufetubi
  3 worms
  2 dart slugs
  42 orcs
  6 bats
  11 endoplasms
  4 giant cockroaches
  5 goblins
  8 hobgoblins
  4 jackals (D:3)
  2 quokkas (D:1)
  7 ball pythons
  4 frilled lizards
  2 goblin skeletons (D:11)
  2 goblin zombies (D:11)
  2 hobgoblin skeletons (D:11)
  4 hobgoblin zombies (D:11)
  16 kobolds
  9 orc zombies (D:11)
  2 rats
  4 river rat simulacra (Lair:5)
795 creatures vanquished.

Vanquished Creatures (others)
  3 deep elf knights
  A wizard (D:14)
  An earth elemental (Elf:2)
5 creatures vanquished.

Grand Total: 800 creatures vanquished

Notes
Turn   | Place    | Note
-------+----------+-------------------------------------------
     0 | D:1      | Dylgear the Formicid Fighter began the quest for the Orb.
     0 | D:1      | Reached XP level 1. HP: 18/18 MP: 1/1
    89 | D:1      | Found a faded altar of an unknown god.
   179 | D:1      | Reached XP level 2. HP: 24/24 MP: 2/2
   468 | D:1      | Reached XP level 3. HP: 29/29 MP: 3/3
   896 | D:2      | Reached XP level 4. HP: 34/37 MP: 4/4
  1217 | D:2      | Reached XP level 5. HP: 42/42 MP: 5/5
  1668 | D:3      | Noticed Natasha
  1674 | D:3      | Killed Natasha
  1769 | D:3      | Found Akuasaw's Antique Armour Boutique.
  1797 | D:3      | Bought a pair of glowing gloves for 150 gold pieces
  2030 | D:3      | Noticed Natasha
  2037 | D:3      | Killed Natasha
  2054 | D:3      | Reached XP level 6. HP: 36/48 MP: 6/6
  2154 | D:3      | Noticed Natasha
  2162 | D:3      | Killed Natasha
  2244 | D:4      | Reached skill level 1 in Dodging
  2573 | D:4      | Reached skill level 5 in Axes
  2573 | D:4      | Reached XP level 7. HP: 51/54 MP: 7/7
  2985 | D:5      | Entered Level 5 of the Dungeon
  3252 | D:5      | Found a runed translucent door.
  3253 | D:5      | Noticed Crazy Yiuf
  3259 | D:5      | Killed Crazy Yiuf
  3260 | D:5      | Reached skill level 5 in Shields
  3347 | D:5      | Reached skill level 5 in Armour
  3540 | D:5      | Reached XP level 8. HP: 33/60 MP: 8/8
  3789 | D:5      | Reached skill level 6 in Shields
  3833 | D:5      | Noticed Blork the orc
  3841 | D:5      | Killed Blork the orc
  3984 | D:5      | Noticed Eustachio
  4024 | D:5      | Killed Eustachio
  4191 | D:5      | Reached XP level 9. HP: 67/67 MP: 9/9
  4388 | D:5      | Found Daext's Jewellery Shop.
  4394 | D:5      | Reached skill level 1 in Stealth
  4693 | D:6      | Reached skill level 5 in Fighting
  4703 | D:6      | Reached skill level 7 in Shields
  5188 | D:6      | Found a staircase to the Ecumenical Temple.
  5209 | Temple   | Entered the Ecumenical Temple
  5326 | Temple   | Became a worshipper of the Wu Jian Council
  5690 | D:7      | Noticed Maggie
  5774 | D:7      | Noticed Prince Ribbit
  5785 | D:7      | Killed Maggie
  5802 | D:7      | Killed Prince Ribbit
  5803 | D:7      | Reached XP level 10. HP: 76/76 MP: 10/10
  5808 | D:7      | Reached skill level 10 in Axes
  6398 | D:8      | Reached skill level 8 in Shields
  6429 | D:8      | Reached * piety under Wu Jian
  6621 | D:8      | Found a shimmering altar of Xom.
  6626 | D:8      | Found a stormy altar of Qazlal.
  6630 | D:8      | Found a burning altar of Makhleb.
  6631 | D:8      | Found a broken altar of Ashenzari.
  6633 | D:8      | Found an opulent altar of Gozag.
  6635 | D:8      | Identified a scroll of acquirement
  6635 | D:8      | Acquired a manual of Axes
  6637 | D:8      | Found a glowing silver altar of Zin.
  6639 | D:8      | Found an ancient bone altar of Kikubaaqudgha.
  6644 | D:8      | Found a hazy altar of Hepliaklqana.
  7247 | D:9      | Identified the +1 leather armour "Godgheis" {rPois Int+3}
  7779 | D:9      | Noticed a kobold demonologist
  7789 | D:9      | Killed a kobold demonologist
  7790 | D:9      | Reached XP level 11. HP: 74/81 MP: 11/11
  7911 | D:10     | Entered Level 10 of the Dungeon
  7957 | D:10     | Noticed a death yak
  7957 | D:10     | Noticed a death yak
  7957 | D:10     | Noticed a death yak
  7957 | D:10     | Found a staircase to the Lair.
  8083 | D:10     | Reached skill level 9 in Shields
  8098 | D:10     | Reached ** piety under Wu Jian
  8345 | D:10     | Noticed a death yak
  8360 | D:9      | Killed a death yak
  8476 | D:10     | Noticed a death yak
  8498 | D:10     | Noticed a two-headed ogre
  8512 | D:9      | Killed a two-headed ogre
  8639 | D:9      | Killed a death yak
  8648 | D:9      | Killed a death yak
  8823 | D:9      | Killed a death yak
  8934 | D:10     | Killed a death yak
  8935 | D:10     | Reached skill level 10 in Shields
  9347 | D:11     | Noticed a manticore
  9362 | D:11     | Killed a manticore
  9483 | D:11     | Noticed a two-headed ogre
  9492 | D:11     | Killed a two-headed ogre
  9493 | D:11     | Reached skill level 15 in Axes
  9493 | D:11     | Reached XP level 12. HP: 71/91 MP: 12/12
  9676 | D:11     | Reached *** piety under Wu Jian
  9715 | D:11     | Found a staircase to the Orcish Mines.
  9835 | D:11     | Reached skill level 11 in Shields
  9878 | D:11     | Reached skill level 10 in Armour
 10695 | D:12     | Noticed a two-headed ogre
 10700 | D:12     | Noticed a two-headed ogre
 10705 | D:12     | Killed a two-headed ogre
 10709 | D:12     | Killed a two-headed ogre
 10724 | D:12     | Noticed a boulder beetle
 11180 | D:14     | Reached **** piety under Wu Jian
 11180 | D:14     | Noticed a tengu warrior
 11182 | D:14     | Noticed a tengu warrior
 11303 | D:14     | Noticed a tengu warrior
 11310 | D:14     | Killed a tengu warrior
 11369 | D:14     | Found a gate to the Vaults.
 11369 | D:14     | Noticed a vault guard
 11377 | D:14     | Killed a vault guard
 11378 | D:14     | Reached XP level 13. HP: 99/99 MP: 13/13
 11449 | D:14     | Reached skill level 12 in Shields
 11455 | D:14     | Found a gate leading to a gauntlet.
 11464 | Gauntlet | Entered a Gauntlet
 11464 | Gauntlet | Found a transporter.
 11464 | Gauntlet | Found a transporter.
 11475 | Gauntlet | Found a transporter.
 11479 | Gauntlet | Found a transporter.
 11496 | Gauntlet | Found a transporter.
 11497 | Gauntlet | Found a transporter.
 11507 | Gauntlet | Found a transporter.
 11524 | Gauntlet | Found a transporter.
 11556 | Gauntlet | Found a transporter.
 11559 | Gauntlet | Found a transporter.
 11568 | Gauntlet | Found a transporter.
 11572 | Gauntlet | Found a transporter.
 11725 | Gauntlet | Identified the +0 pair of boots "Usysusk" {rF+ Stlth+}
 11735 | Gauntlet | Identified the +8 chain mail of Quantum Leap {rF- Will+
                  | Regen+}
 11846 | Gauntlet | Noticed a minotaur
 11852 | Gauntlet | Killed a minotaur
 11998 | D:14     | Reached skill level 13 in Shields
 12742 | D:13     | Found Ocet Kua's Magic Scroll Boutique.
 12759 | D:13     | Bought a scroll of enchant armour for 97 gold pieces
 12759 | D:13     | Bought a scroll of enchant armour for 97 gold pieces
 12850 | D:13     | Noticed a centaur warrior
 12858 | D:13     | Killed a centaur warrior
 13074 | D:13     | Reached skill level 14 in Shields
 13122 | D:13     | Noticed a centaur warrior
 13131 | D:13     | Killed a centaur warrior
 13193 | D:13     | Noticed a centaur warrior
 13193 | D:13     | Noticed a five-headed hydra
 13213 | D:13     | Killed a five-headed hydra
 13219 | D:13     | Killed a centaur warrior
 13220 | D:13     | Reached XP level 14. HP: 87/108 MP: 14/14
 13277 | D:13     | Reached ***** piety under Wu Jian
 13692 | D:14     | Noticed Lodul
 13697 | D:14     | Reached skill level 1 in Maces & Flails
 13708 | D:14     | Killed Lodul
 13731 | D:14     | Reached skill level 15 in Shields
 13959 | D:15     | Entered Level 15 of the Dungeon
 14025 | D:14     | Reached skill level 10 in Fighting
 14366 | Lair:1   | Entered Level 1 of the Lair of Beasts
 15115 | Lair:2   | Found a staircase to the Shoals.
 15123 | Lair:2   | Reached skill level 16 in Shields
 15951 | Lair:3   | Reached XP level 15. HP: 60/117 MP: 15/15
 16173 | Lair:3   | Reached ****** piety under Wu Jian
 16196 | Lair:3   | Found a hole to the Spider Nest.
 16678 | Lair:3   | Noticed Gastronok
 16689 | Lair:3   | Killed Gastronok
 17094 | Lair:4   | Found a staircase to the Slime Pits.
 17120 | Lair:4   | Reached skill level 17 in Shields
 17763 | Lair:5   | Entered Level 5 of the Lair of Beasts
 19074 | Lair:5   | Reached skill level 18 in Shields
 19120 | Lair:5   | Found a corrupted altar of Lugonu.
 19120 | Lair:5   | Found a one-way gate to the infinite horrors of the Abyss.
 19127 | Lair:5   | Got Enonn's Codex of the Atmosphere
 19515 | Orc:1    | Entered Level 1 of the Orcish Mines
 19638 | Orc:1    | Reached XP level 16. HP: 126/126 MP: 16/16
 19720 | Orc:1    | Found Ocyfriut's Vocational Training.
 20351 | Orc:2    | Entered Level 2 of the Orcish Mines
 20549 | Orc:2    | Found Zessir's Antique Armour Boutique.
 20753 | Orc:2    | Found Gafan's General Store.
 20753 | Orc:2    | Found Soarom's Antique Weapon Shop.
 20754 | Orc:2    | Found Dyfac's Antique Weapon Boutique.
 20754 | Orc:2    | Found Zyluupsa's Armour Shoppe.
 20766 | Orc:2    | Bought a scroll of enchant armour for 97 gold pieces
 20894 | Orc:2    | Found a staircase to the Elven Halls.
 21058 | Elf:1    | Entered Level 1 of the Elven Halls
 21063 | Elf:1    | Reached skill level 19 in Shields
 21514 | Elf:1    | Found Uloaph's Assorted Antiques.
 21521 | Elf:1    | Bought a scroll of enchant armour for 277 gold pieces
 21981 | Elf:1    | Reached XP level 17. HP: 32/135 MP: 17/17
 22397 | Elf:2    | Found Ryezaiwn's Book Boutique.
 22420 | Elf:2    | Found a crumbling gateway.
 22429 | Desolati | Entered the Desolation of Salt
 22747 | Elf:2    | Found a runed translucent gate.
 22747 | Elf:2    | Found a runed translucent gate.
 22747 | Elf:2    | Found a runed translucent gate.
 22772 | Elf:2    | Reached skill level 20 in Shields
 22969 | Elf:1    | Found a shimmering blue altar of Sif Muna.
 23271 | Elf:2    | Reached skill level 15 in Armour
 23653 | Elf:2    | Reached skill level 21 in Shields
 24139 | Elf:3    | Entered Level 3 of the Elven Halls
 24205 | Elf:3    | Reached XP level 18. HP: 125/144 MP: 18/18
 24331 | Elf:3    | Reached skill level 5 in Dodging
 25453 | Elf:3    | Noticed a deep elf blademaster
 25463 | Elf:3    | HP: 5/214 [deep elf death mage/+0 long sword (6)]
 25464 | Elf:3    | Slain by a deep elf death mage

Illustrated notes

Levels and vault maps discovered:
D:1:      matt_arrival_refuge, layout_loops_ring,
          dreamdust_ecumenical_altar_statues, st_stairs_3
D:2:      layout_basic
D:3:      layout_rooms, serial_shops, nicolae_shop_window_shopping,
          dk_vineyard_2, uniq_natasha
D:4:      layout_basic, grunt_ministairs_8
D:5:      minmay_diamond_boxcup, layout_loops_corners, minivault_5,
          kennysheep_small_square, uniq_crazy_yiuf_cottage, uniq_blork_the_orc,
          uniq_eustachio
D:6:      layout_basic, minmay_temple_entry_mist
D:7:      layout_cave_pools, uniq_maggie, uniq_prince_ribbit1
D:8:      layout_rooms, nicolae_overflow_hallway_of_the_gods, minmay_liquid_box,
          minivault_4
D:9:      layout_basic, special_room [special_room_kobold],
          minmay_misc_feat_enclosed
D:10:     layout_basic, dpeg_lair_monsters, solitary_fountain
D:11:     layout_cave_pools, zombieorc1_lemuel
D:12:     layout_loops_corners
D:13:     minmay_razor_zed, layout_basic, serial_shops, shop
D:14:     layout_small_grid, david_vaults_5, grunt_decor_arrowhead,
          gauntlet_entry_generic, uniq_lodul
D:15:     hangedman_depths_entry_try_elsewhere_first, layout_rooms
Temple:   nicolae_temple_two_arcs
Lair:1:   layout_gridlike, serial_bayou_shore_b
Lair:2:   layout_misc_corridors, minmay_shoals_entry_beasts, minivault_19,
          beast_lair_carwin_11
Lair:3:   layout_misc_corridors, nicolae_spider_entry_lesser_pyramids,
          grunt_megastairs_2, uniq_gastronok
Lair:4:   layout_cellular_growth, nicolae_slime_entry_slimehenge,
          patterned_corridor
Lair:5:   hellmonk_lair_end_abyssal_woods, layout_regular_city,
          eino_house_with_fridge
Orc:1:    nicolae_orc_accident_2, layout_diamond_mine, nicolae_shop_vocational
Orc:2:    st_orc_ogre_mass, layout_caves, serial_shops, shop
Elf:1:    minmay_elf_arrival_plus, layout_onion_city, serial_shops,
          nicolae_shop_pleasant_corner_grove, kennysheep_underground_church,
          lemuel_upstairs_altar
Elf:2:    nicolae_elf_blades_crystal_corner, layout_geoelf_diagonals,
          serial_shops, shop, portal_desolation_entry_nicolae_slug
Elf:3:    minmay_elf_hall_statues, layout_geoelf_castle

Skill      XL: |  1  2  3  4  5  6  7  8  9 10 11 12 13 14 15 16 17 18 |
---------------+-------------------------------------------------------+-----
Axes           | 3 4 5 6 8 9 12 15 17 18 19 20 | 20.4
Armour         | 4 5 6 7 9 10 11 12 13 14 15 | 15.6
Fighting       | 4 5 6 7 8 9 10 11 12 13 | 13.7
Dodging        | 1 2 3 4 5 |  5.1
Shields        | 5 6 7 8 10 11 14 16 18 19 21 | 21.6
Stealth        | 1 2 3 |  3.7
Maces & Flails | 1 3 |  3.1

Action                     |  1- 3 |  4- 6 |  7- 9 | 10-12 | 13-15 | 16-18 || total
---------------------------+-------+-------+-------+-------+-------+-------++-------
  Melee: War axe           |    58 |   134 |   284 |   505 |   797 |   743 ||  2521
         Flail             |       |       |       |       |    53 |       ||    53
 Invoke: Heavenly Storm    |       |       |       |       |       |     1 ||     1
Ability: Dig               |       |       |     1 |     1 |       |       ||     2
         Lunge             |       |       |     2 |    16 |    41 |    68 ||   127
         Whirlwind         |       |       |       |    27 |    16 |    44 ||    87
         Wall Jump         |       |       |       |     6 |     1 |     2 ||     9
  Evoke: Wand              |       |       |       |       |     1 |       ||     1
    Use: Scroll            |       |     5 |     7 |     8 |     6 |     2 ||    28
         Potion            |       |       |    12 |     3 |     1 |    13 ||    29
 Armour: Scale mail        |    10 |       |       |       |       |       ||    10
         Chain mail        |    27 |   100 |   158 |       |   531 |   315 ||  1131
         Plate armour      |       |       |   109 |   368 |    36 |       ||   513
         Skin              |       |       |    11 |    29 |       |    22 ||    62
  Dodge: Dodged            |    31 |    58 |   119 |   210 |   319 |   241 ||   978
  Block: Buckler           |    20 |    45 |   103 |   197 |       |       ||   365
         Kite shield       |       |       |       |     2 |   660 |   469 ||  1131

Table legend: (Time is in decaauts)
 A = Elapsed time spent in this place.
 B = Non-inter-level travel time spent in this place.
 C = Inter-level travel time spent in this place.
 D = Time resting spent in this place.
 E = Time spent auto-exploring this place.
 F = Levels seen in this place.
 G = Mean time per level.
                   A        B        C        D        E       F      G
               +--------+--------+--------+--------+--------+-----+--------+
         Total |  25821 |  24029 |   1792 |   2889 |  12001 |  28 |  922.2 |
       Dungeon |  14117 |  12906 |   1211 |   1683 |   7007 |  15 |  941.1 |
        Temple |    127 |    118 |      9 |      0 |    106 |   1 |  127.0 |
          Lair |   5126 |   4749 |    377 |    424 |   3040 |   5 | 1025.2 |
  Orcish Mines |   1664 |   1549 |    115 |    122 |    909 |   2 |  832.0 |
   Elven Halls |   4249 |   4169 |     80 |    594 |    932 |   3 | 1416.3 |
    Desolation |     96 |     96 |      0 |     45 |      0 |   1 |   96.0 |
      Gauntlet |    438 |    438 |      0 |     21 |      7 |   1 |  438.0 |
               +--------+--------+--------+--------+--------+-----+--------+

Top non-repeatable levels by time:
   Elf:2: 1585 daAuts
     D:9: 1549 daAuts
     D:5: 1519 daAuts
  Lair:5: 1480 daAuts
   Elf:1: 1356 daAuts
    D:13: 1337 daAuts
   Elf:3: 1306 daAuts
    D:12: 1282 daAuts
  Lair:4: 1079 daAuts
    D:10: 1032 daAuts
    D:14: 1025 daAuts
  Lair:2: 946 daAuts
   Orc:1: 918 daAuts
     D:4: 918 daAuts
  Lair:3: 876 daAuts
